 Dungeon Crawl Stone Soup version 0.30-a0-782-ge64f9170bb (webtiles) character file.

Game seed: 691263447642886975

243 HoaS the Shooter (level 5, -3/41 HPs)
             Began as a Demigod Hunter on Feb 21, 2023.
             Slain by an ice beast (14 damage)
             ... on level 6 of the Dungeon.
             The game lasted 00:05:48 (2095 turns).

HoaS the Shooter (Demigod Hunter)                   Turns: 2095, Time: 00:05:49

Health: -3/41      AC:  6    Str: 12    XL:     5   Next: 52%
Magic:  7/7        EV: 12    Int: 11    God:
Gold:   111        SH:  0    Dex: 21    Spells: 4/4 levels left

rFire   . . .      SeeInvis .    a - +1 shortbow
rCold   . . .      Faith    .    (shield currently unavailable)
rNeg    . . .      Spirit   .    c - +0 leather armour
rPois   .          Reflect  .    (no helmet)
rElec   .          Harm     .    h - +2 cloak
rCorr   .          Rampage  .    (no gloves)
Will    .....                    (no boots)
Stlth   ++                       (no amulet)
HPRegen 0.26/turn                (no ring)
MPRegen 0.10/turn                (no ring)

@: no status effects
A: high MP 1, forlorn, divine attributes
a: no special abilities


You were on level 6 of the Dungeon.
You visited 1 branch of the dungeon, and saw 6 of its levels.

You collected 111 gold pieces.

Inventory:

Hand Weapons
 a - a +1 shortbow (weapon)
Armour
 c - a +0 leather armour (worn)
 h - a +2 cloak (worn)
Wands
 f - a wand of flame (23)
Scrolls
 b - 3 scrolls of immolation
Potions
 d - 2 potions of mutation
 e - 2 potions of cancellation
 i - a potion of haste {unknown}
 k - a potion of curing {unknown}


   Skills:
 - Level 1.7 Fighting
 + Level 6.5 Ranged Weapons
 - Level 1.7 Dodging
 - Level 0.8 Stealth


You had 4 spell levels left.
You didn't know any spells.
Your spell library contained the following spells:

 Spells                   Type           Power      Damage    Failure   Level
 Apportation              Tloc           0%         N/A       41%         1
 Sandblast                Erth           0%         2d4       41%         1
 Passwall                 Tmut/Erth      0%         N/A       56%         2
 Stone Arrow              Conj/Erth      0%         3d7       80%         3


Dungeon Overview and Level Annotations

Branches:
Dungeon (7/15)
 Temple: D:4-7


Innate Abilities, Weirdness & Mutations

You have an increased reservoir of magic. (+10% MP)
You shall have no god before yourself.
Your divine heritage dramatically boosts your attributes as you level up.


Message History

The arrow hits the ice beast but does no damage.
The ice beast is lightly wounded.
You shoot an arrow. The arrow barely misses the ice beast.
You shoot an arrow.
The arrow hits the ice beast but does no damage.
The ice beast is lightly wounded.
The ice beast completely misses you.
You shoot an arrow.
The arrow hits the ice beast but does no damage.
The ice beast is lightly wounded.
The ice beast hits you but does no damage.
You shoot an arrow. The arrow hits the ice beast!
The ice beast is heavily wounded.
The ice beast hits you. The ice beast freezes you!
You shoot an arrow. The arrow hits the ice beast!
The ice beast is severely wounded.
The ice beast misses you.
You shoot an arrow. The arrow hits the ice beast.
The ice beast is severely wounded.
The ice beast hits you. The ice beast freezes you.
The ice beast hits you but does no damage.
You shoot an arrow.
The arrow hits the ice beast but does no damage.
The ice beast is severely wounded.
The ice beast hits you but does no damage.
You shoot an arrow.
The arrow hits the ice beast but does no damage.
The ice beast is severely wounded.
The ice beast hits you but does no damage.
You shoot an arrow.
The arrow hits the ice beast but does no damage.
The ice beast is severely wounded.
The ice beast hits you but does no damage.
You shoot an arrow. The arrow hits the ice beast!
The ice beast is almost dead.
The ice beast closely misses you. The ice beast hits you.
The ice beast freezes you!
You shoot an arrow. The arrow closely misses the ice beast.
The ice beast hits you. The ice beast freezes you!
You die...

#########
........#
........#
........##
........>#
.........###
.........@.#
###
...#######Y#
#.. .# #.#
#.# #.# #.#
#.# #.###
#.###.#.#
#.......#
########.#.#
..Y........#


You could see an ice beast.

Vanquished Creatures
  A kobold brigand (D:7)
  A jelly (D:7)
  Jessica (D:3)
  An orc wizard (D:2)
  2 adders
  A worm (D:3)
  A dart slug (D:2)
  6 orcs
  7 ball pythons
  5 endoplasms
  4 giant cockroaches
  4 goblins (D:1)
  7 hobgoblins
  2 jackals (D:1)
  4 quokkas (D:3)
  3 bats
  3 frilled lizards
  6 kobolds
  3 rats
62 creatures vanquished.

Notes
Turn   | Place    | Note
-------+----------+-------------------------------------------
     0 | D:1      | HoaS the Demigod Hunter began the quest for the Orb.
     0 | D:1      | Reached XP level 1. HP: 17/17 MP: 3/3
    79 | D:1      | Reached skill level 4 in Ranged Weapons
   142 | D:1      | Reached XP level 2. HP: 24/24 MP: 4/4
   873 | D:2      | Reached XP level 3. HP: 29/29 MP: 5/5
  1206 | D:3      | Identified the +6 hand axe "Ufieczom" {heavy, rPois rCorr
                  | Dex+3}
  1291 | D:3      | Noticed Jessica
  1307 | D:3      | Killed Jessica
  1308 | D:3      | Reached skill level 5 in Ranged Weapons
  1348 | D:3      | Got Jessica's Octavo of the Excursion
  1375 | D:3      | Reached XP level 4. HP: 36/36 MP: 6/6
  1868 | D:4      | You fall into a shaft and drop 3 floors!
  1871 | D:7      | Noticed a kobold brigand
  1886 | D:7      | Killed a kobold brigand
  1887 | D:7      | Reached skill level 6 in Ranged Weapons
  1887 | D:7      | Reached XP level 5. HP: 36/41 MP: 7/7
  2070 | D:6      | Noticed an ice beast
  2095 | D:6      | Slain by an ice beast

Illustrated notes

Levels and vault maps discovered:
D:1:      erik_arrival_blinker_ship, layout_loops_cross
D:2:      layout_loops_ring
D:3:      layout_rooms, nicolae_ecumenical_snake_handling, minmay_door_square,
          chequers_serial_rivers_small_b, kennysheep_jessica_study
D:4:      layout_gridville
D:6:      layout_basic, nrook_mini_vaults, nicolae_sextant,
          nicolae_elevator_lobby_plus, uniq_edmund
D:7:      layout_basic, nicolae_gozag_seed_capital, uniq_crazy_yiuf_cottage

Skill      XL: |  1  2  3  4 |
---------------+-------------+-----
Ranged Weapons | 4 5 6 |  6.5
Fighting       | |  1.7
Dodging        | |  1.7
Stealth        | |  0.8

Action                     |  1- 3 |  4- 6 || total
---------------------------+-------+-------++-------
  Melee: Unarmed           |       |    10 ||    10
   Fire: Shortbow          |   122 |    72 ||   194
    Use: Scroll            |     6 |     3 ||     9
         Potion            |       |     1 ||     1
 Armour: Leather armour    |    20 |    10 ||    30
         Skin              |       |    20 ||    20
  Dodge: Dodged            |    52 |    22 ||    74

Table legend: (Time is in decaauts)
 A = Elapsed time spent in this place.
 B = Non-inter-level travel time spent in this place.
 C = Inter-level travel time spent in this place.
 D = Time resting spent in this place.
 E = Time spent auto-exploring this place.
 F = Levels seen in this place.
 G = Mean time per level.
                   A        B        C        D        E       F      G
               +--------+--------+--------+--------+--------+-----+--------+
         Total |   2153 |   2100 |     53 |    217 |   1416 |   6 |  358.8 |
       Dungeon |   2153 |   2100 |     53 |    217 |   1416 |   6 |  358.8 |
               +--------+--------+--------+--------+--------+-----+--------+

Top non-repeatable levels by time:
     D:2: 663 daAuts
     D:1: 627 daAuts
     D:3: 613 daAuts
     D:7: 185 daAuts
     D:6: 45 daAuts
     D:4: 18 daAuts
